AoeStats
← smallrice6888

Golden Pit

507206091Analyzed
1v1 RM · 15d ago on Sep 17, 2026· 22m 35s· 2 players
Game mode
Random Map
Map size
Tiny (2 player)
Population
200
Speed
Normal
Resources
Standard
Victory
Conquest
Starting age
Dark Age
Ending age
Imperial Age
RankedLock teamsTeams togetherTeam positionsShared explorationLock speedFull tech treeHidden civsTurbo modeCheats
Victory
Defeat
🇹🇼 Franks · Taiwan
634
+19
🇩🇪 Franks · Germany
705
-19
HOOD
12:38 Feudal Age
13:19 Man-at-Arms
21:13 Double-Bit Axe
smallrice6888
12:28 Feudal Age
12:33 Man-at-Arms
21:50 Castle Age
20:38 Double-Bit Axe
21:14 Loom
22:16 Wheelbarrow
23:11 Husbandry
Connection lost

Rejoining the realm…

Still unreachable

The connection could not be restored.

Session expired

The server has moved on; the page needs a fresh start.